 Dungeon Crawl Stone Soup version 0.27.0-1-g7a089689b8 (webtiles) character file.

Game seed: 12179279164077061250

387 Delamore the Sneak (level 6, -5/43 HPs)
             Began as an Octopode Brigand on Aug 7, 2021.
             Slain by a gnoll (7 damage)
             ... on level 3 of the Dungeon.
             The game lasted 00:03:53 (4586 turns).

Delamore the Sneak (Octopode Brigand)               Turns: 4586, Time: 00:03:54

Health: -5/43      AC:  1    Str:  9    XL:     6   Next: 78%
Magic:  6/6        EV: 14    Int: 19    God:
Gold:   101        SH:  0    Dex: 15    Spells: 5/5 levels left

rFire    + . .     SeeInvis .   a - +3 dagger
rCold    + + .     Faith    .   (no shield)
rNeg     . . .     Spirit   .   (helmet restricted)
rPois    .         Reflect  .   (no amulet)
rElec    .         Harm     .   e - ring of protection from cold
rCorr    .         Rampage  .   g - +6 ring of intelligence
Will     +....                  (no ring)
Stlth    ++++......             (no ring)
HPRegen  0.14/turn              (no ring)
MPRegen  0.10/turn              (no ring)
                                (no ring)
                                (no ring)

@: no status effects
A: almost no armour, amphibious, 8 rings, camouflage 1, gelatinous body 1,
(nimble swimmer 1), tentacles, cold resistance 1, fire resistance 1,
strong-willed 1, weak 1
a: no special abilities


You were on level 3 of the Dungeon.
You visited 1 branch of the dungeon, and saw 3 of its levels.

You collected 101 gold pieces.

Inventory:

Hand Weapons
 a - a +3 dagger (weapon)
Missiles
 b - 4 poisoned darts (quivered)
 c - 2 curare-tipped darts
Jewellery
 e - a ring of protection from cold (left tentacle)
 g - a +6 ring of intelligence (right tentacle)
Scrolls
 j - 2 scrolls of noise
Potions
 f - a potion of mutation
 h - a potion of haste {unknown}


   Skills:
 + Level 3.8 Fighting
 * Level 5.1 Short Blades
 - Level 2.0 Throwing
 + Level 3.3 Dodging
 - Level 5.3 Stealth


You had 5 spell levels left.
You didn't know any spells.
Your spell library contained the following spells:

 Spells                   Type           Power      Damage    Failure   Level
 Stone Arrow              Conj/Erth      0%         3d7       52%         3
 Borgnjor's Revivificati  Necr           0%         N/A       100%        8
 Lehudib's Crystal Spear  Conj/Erth      0%         10d2      100%        8
 Necromutation            Tmut/Necr      0%         N/A       100%        8
 Death's Door             Necr           0%         N/A       100%        9
 Animate Armour           Summ/Erth      Unusable   N/A       N/A         4

Dungeon Overview and Level Annotations

Branches:
Dungeon (3/15)

Altars:
The Shining One


Innate Abilities, Weirdness & Mutations

You cannot wear most types of armour.
You are amphibious.
You can wear up to eight rings at the same time.
Your skin changes colour to match your surroundings (Stealth+).
Your rubbery body absorbs attacks. (AC +1, EV +1)
((You are camouflaged near water. (Stealth+)))
You have tentacles for arms and can constrict up to eight enemies at once.
Your flesh is cold resistant. (rC+)
Your flesh is heat resistant. (rF+)
You are strong-willed. (Will+)
You are weak. (Str -2)


Message History

Aim: a gnoll, wielding a +0 flail and quivering stones (lightly wounded, poisoned, 64% to hit)
You throw a poisoned dart. The poisoned dart hits the gnoll.
The gnoll looks even sicker.
The gnoll is lightly wounded.
The gnoll throws a stone.
The stone completely misses you.
Throw: 6 darts (poison)
Press: ? - help, Q - select action, (/) - cycle Shift-Dir - straight line, f/p - gnoll
Aim: a gnoll, wielding a +0 flail and quivering stones (lightly wounded, very poisoned, 64% to hit)
You throw a poisoned dart.
The poisoned dart closely misses the gnoll.
A gnoll comes into view. It is wielding a +0 spear.
You hit the gnoll. You grab the gnoll. You squeeze the gnoll.
You kill the gnoll!
The gnoll throws a throwing net.
The throwing net closely misses you.
Throw: 5 darts (poison)
Press: ? - help, Q - select action, (/) - cycle Shift-Dir - straight line, f - gnoll
Aim: a gnoll, wielding a +0 spear (moderately wounded, poisoned, 64% to hit)
You throw a poisoned dart.
The poisoned dart closely misses the gnoll.
The gnoll throws a throwing net.
The throwing net hits you.
You become entangled in the net!
You cannot throw anything while held in a net.
Unknown command.
You struggle against the net.
The gnoll hits you from afar with a +0 spear.
* * * LOW HITPOINT WARNING * * *
You tear a large gash into the net.
The gnoll barely misses you.
You rip the net and break free!
The gnoll looks more healthy.
The gnoll misses you. The gnoll barely misses you.
Items here: $ ( ) †.
You hit the gnoll. Your grab misses the gnoll.
The gnoll is heavily wounded.
The gnoll hits you with a +0 spear.
* * * LOW HITPOINT WARNING * * *
It was a potion of mutation.
You feel extremely strange.
You feel weaker.
You feel strong-willed.
You feel resistant to cold.
You feel resistant to heat.
The gnoll hits you from afar with a +0 spear!
You die...

≈≈≈≈≈≈≈....)≈≈≈≈≈≈≈≈≈≈
.))........†.........
)...(.:......(..(###
....(............#
#...#######.#....#
.(.....# #..##(..#
g...##.# #.###(.g#
##..# # #.# #.(g#
.#..## #.# ###@#
##..##. #.# #(# ##..#
#.##.## ### '...#
#.....# #...# ####..##
.#..# #...### .#..#
#.#...#
#...######.###.#
.).......#.# ###


You could see 2 gnolls.

Vanquished Creatures
  A howler monkey (D:3)
  A crimson imp (D:3)
  A hound (D:3)
  A centaur skeleton (D:3)
  11 gnolls
  3 adders
  A howler monkey skeleton (D:3)
  A worm (D:3)
  4 dart slugs
  9 orcs (D:3)
  3 ball pythons
  3 bats
  4 endoplasms
  3 giant cockroaches
  5 goblins
  6 hobgoblins
  12 jackals (D:3)
  6 kobolds
  5 quokkas
  6 frilled lizards
  2 goblin zombies (D:3)
  3 hobgoblin zombies (D:3)
  A kobold zombie (D:3)
  An orc skeleton (D:3)
  9 rats
102 creatures vanquished.

Notes
Turn   | Place    | Note
-------+----------+-------------------------------------------
     0 | D:1      | Delamore the Octopode Brigand began the quest for the Orb.
     0 | D:1      | Reached XP level 1. HP: 14/14 MP: 1/1
   607 | D:1      | Reached XP level 2. HP: 19/19 MP: 2/2
   982 | D:1      | Reached XP level 3. HP: 25/25 MP: 3/3
  1961 | D:2      | Reached XP level 4. HP: 28/30 MP: 4/4
  2129 | D:2      | Found a faded altar of an unknown god.
  2519 | D:3      | Found a glowing golden altar of the Shining One.
  2635 | D:3      | Reached XP level 5. HP: 24/36 MP: 5/5
  3385 | D:3      | Reached XP level 6. HP: 39/42 MP: 6/6
  4167 | D:3      | HP: 2/43 [gnoll (9)]
  4524 | D:3      | Reached skill level 5 in Short Blades
  4585 | D:3      | HP: 2/43 [gnoll (4)]
  4586 | D:3      | Gained mutation: You are weak. (Str -2) [potion of
                  | mutation]
  4586 | D:3      | Gained mutation: You are strong-willed. (Will+) [potion of
                  | mutation]
  4586 | D:3      | Gained mutation: Your flesh is cold resistant. (rC+)
                  | [potion of mutation]
  4586 | D:3      | Gained mutation: Your flesh is heat resistant. (rF+)
                  | [potion of mutation]
  4586 | D:3      | Slain by a gnoll

Illustrated notes

Levels and vault maps discovered:
D:1:      grunt_arrival_crossed_arrows, layout_loops_cross
D:2:      layout_loops_corners, hellmonk_ecumenical_altar_inner_sanctum
D:3:      lemuel_castle_with_subvaults [lemuel_castle_interior_carwin_1],
          layout_rooms, lemuel_zombie_altar_kikubaaqudgha,
          nicolae_tso_besieged_by_evil, st_stairs_4, uniq_grinder

Skill      XL: |  1  2  3  4  5  6 |
---------------+-------------------+-----
Short Blades   | 3 4 5 |  5.1
Dodging        | 2 3 |  3.3
Fighting       | 3 |  3.8
Throwing       | |  2.0
Stealth        | |  5.3

Action                   |  1- 3 |  4- 6 || total
-------------------------+-------+-------++-------
Melee: Dagger            |    64 |   147 ||   211
       Constrict         |    14 |    44 ||    58
       Tentacles         |     8 |    28 ||    36
Throw: Dart              |     4 |    26 ||    30
  Use: Scroll            |     4 |     3 ||     7
       Potion            |       |     2 ||     2
 Stab: Sleeping          |    10 |     8 ||    18
       Distracted        |       |     1 ||     1
Armor: Skin              |     3 |    14 ||    17
Dodge: Dodged            |    24 |    87 ||   111
